 Dungeon Crawl Stone Soup version 0.17-a0-1078-g243345b (webtiles) character file.

84 Eglamore the Sneak (level 4, 0/23 HPs)
             Began as a Spriggan Assassin on May 19, 2015.
             Slain by an adder (4 damage)
             ... on level 2 of the Dungeon.
             The game lasted 00:01:59 (916 turns).

Eglamore the Sneak (Spriggan Assassin)               Turns: 916, Time: 00:01:59

Health: 0/23       AC:  3    Str:  7      XL:     4   Next: 23%
Magic:  5/5        EV: 18    Int: 11 (12) God:
Gold:   59         SH:  0    Dex: 18      Spells: 0 memorised, 3 levels left

rFire  . . .     SeeInvis +     a - +2 dagger
rCold  . . .     Clarity  .     c - +0 robe
rNeg   . . .     SustAb   .     (shield restricted)
rPois  .         Gourm    .     (helmet restricted)
rElec  .         Spirit   .     d - +0 cloak
rCorr  .         Warding  .     (gloves unavailable)
rMut   .         Stasis   .     (boots unavailable)
MR     .....                    (no amulet)
Stlth  ++++......               (no ring)
                                (no ring)

@: lethally poisoned (0 -> -4), very quick, not resistant to hostile
enchantments, stealthy
A: unfitting armour, see invisible, herbivore 3, speed 3, slow metabolism 2
a: no special abilities


You were on level 2 of the Dungeon.
You were not hungry.

You visited 1 branch of the dungeon, and saw 2 of its levels.

You collected 59 gold pieces.

Inventory:

Hand weapons
 a - a +2 dagger (weapon)
 b - a +0 blowgun
Missiles
 e - 8 poisoned needles
 f - 2 curare-tipped needles
Armour
 c - a +0 robe (worn)
 d - a +0 cloak (worn)
Scrolls
 h - a scroll of immolation {unknown}
 i - 3 scrolls of recharging {unknown}
 k - a scroll of enchant weapon {unknown}
Comestibles
 g - a bread ration
 j - a slice of pizza


   Skills:
 + Level 2.3 Fighting
 + Level 1.3 Short Blades
 + Level 3.1 Throwing
 + Level 3.1 Dodging
 + Level 6.2 Stealth


You had 3 spell levels left.
You didn't know any spells.

Dungeon Overview and Level Annotations

Branches:
Dungeon (2/15)

Altars:
Elyvilon
Fedhas


Innate Abilities, Weirdness & Mutations

You are tiny and cannot use many weapons and most armour.
You have supernaturally acute eyesight.
You are a herbivore.
You cover ground extremely quickly.
You need consume almost no food.


Message History

The adder is severely wounded.
The adder bites you but does no damage. The adder bites you.
* * * LOW HITPOINT WARNING * * *
You are too injured to fight recklessly!
You are too injured to fight recklessly!
You are too injured to fight recklessly!
You are too injured to fight recklessly!
You closely miss the adder.
The adder is severely wounded.
* * * LOW HITPOINT WARNING * * *
You feel sick. The adder barely misses you. The adder closely misses you.
The adder completely misses you.
You hit the adder.
You kill the adder!
The adder closely misses you. The adder closely misses you.
You barely miss the adder.
* * * LOW HITPOINT WARNING * * *
You feel sick. The adder bites you.
You die...

## ##...## # #
##.....##.## ##
#........... .. ##
##.......... .# >.#
#.P.P.##..# .# ....
#.._..###..# .##.#.#
#####.P(P.#.##.. .......
.<..#........##.#....#
......#.##......@S.#
...)....##.....#.#.#
.....>#####.##...#>#
......# ####....#..
......######.........#
..............###.......
..........#.### #..###w
.....####...# #.# ....##
##### ...


You could see an adder.

Vanquished Creatures
  3 adders (D:2)
  3 gnolls (D:2)
  A ball python (D:1)
  4 goblins (D:1)
  4 hobgoblins
  4 kobolds
  4 bats (D:1)
  A giant newt (D:1)
  5 rats
29 creatures vanquished.

Notes
Turn   | Place    | Note
--------------------------------------------------------------
     0 | D:1      | Eglamore the Spriggan Assassin began the quest for the Orb.
     0 | D:1      | Reached XP level 1. HP: 10/10 MP: 2/2
   474 | D:1      | Reached XP level 2. HP: 10/15 MP: 3/3
   775 | D:2      | Found a blossoming altar of Fedhas.
   797 | D:2      | Reached skill level 6 in Stealth
   797 | D:2      | Reached XP level 3. HP: 10/18 MP: 4/4
   808 | D:2      | Reached skill level 1 in Short Blades
   839 | D:2      | Reached XP level 4. HP: 23/23 MP: 5/5
   848 | D:2      | Found a white marble altar of Elyvilon.
   916 | D:2      | Slain by an adder

Vault maps used:
D:1:      co_arrival_random_square_maze, st_stairs_14
D:2:      fedhas_altar_1, elyvilon_altar_5

Action                   |  1- 3 |  4- 6 || total
-------------------------+-------+-------++-------
Melee: Dagger            |    87 |    22 ||   109
  Use: Potion            |     2 |       ||     2
 Stab: Sleeping          |     7 |     1 ||     8
       Distracted        |       |     1 ||     1
